 Dungeon Crawl Stone Soup version 0.29-a0-664-gff9cad4a3d (webtiles) character file.

Game seed: 13679355813993731849

210 vineage the Skirmisher (level 5, -4/34 HPs)
             Began as a Gargoyle Fighter on June 22, 2022.
             Killed from afar by an orc wizard (12 damage)
             ... with a puff of flame
             ... on level 3 of the Dungeon.
             The game lasted 00:03:54 (2427 turns).

vineage the Skirmisher (Gargoyle Fighter)           Turns: 2427, Time: 00:03:55

Health: -4/34      AC: 14    Str: 21    XL:     5   Next: 87%
Magic:  5/5        EV:  9    Int:  9    God:
Gold:   103        SH:  4    Dex:  9    Spells: 4/4 levels left

rFire   . . .      SeeInvis .   a - +0 flail
rCold   . . .      Faith    .   c - +0 buckler
rNeg    + . .      Spirit   .   b - +0 scale mail
rPois   ∞          Reflect  .   (no helmet)
rElec   +          Harm     .   d - +0 cloak
rCorr   .          Rampage  .   e - +1 pair of gloves
Will    .....                   (no boots)
Stlth   ..........              (no amulet)
HPRegen 0.11/turn               (no ring)
MPRegen 0.09/turn               (no ring)

@: flying
A: sickness immunity, AC +4, negative energy resistance 1, electricity
resistance, torment resistance 1, petrification resistance
a: no special abilities


You were on level 3 of the Dungeon.
You visited 1 branch of the dungeon, and saw 3 of its levels.

You collected 103 gold pieces.

Inventory:

Hand Weapons
 a - a +0 flail (weapon)
Armour
 b - a +0 scale mail (worn)
 c - a +0 buckler (worn)
 d - a +0 cloak (worn)
 e - a +1 pair of gloves (worn)
Wands
 i - a wand of mindburst (18)
Scrolls
 f - a scroll of enchant weapon {unknown}
 g - a scroll of teleportation
Potions
 h - a potion of flight


   Skills:
 * Level 4.8 Fighting
 * Level 3.7 Maces & Flails
 + Level 4.0 Armour
 + Level 4.1 Shields


You had 4 spell levels left.
You didn't know any spells.
Your spell library contained the following spells:

 Spells                   Type           Power      Damage    Failure   Level
 Blink                    Tloc           0%         N/A       91%         2
 Lesser Beckoning         Tloc           0%         N/A       99%         3
 Manifold Assault         Tloc           0%         N/A       100%        5


Dungeon Overview and Level Annotations

Branches:
Dungeon (3/15)

Altars:


Innate Abilities, Weirdness & Mutations

You are immune to sickness and miasma.
Your stone body is resilient. (AC +4)
You are immune to poison.
You resist negative energy. (rN+)
You are resistant to electric shocks. (rElec)
You are resistant to unholy torment.
You are immune to petrification.


Message History

You hit the orc but do no damage.
The quokka twitches its whiskers.
The orc barely misses you.
You thump the orc!
You kill the orc!
You closely miss something. Something hits you.
The orc priest miscasts a cantrip.
The orc priest invokes the aid of Beogh against you.
Beogh smites you! Something hits you.
You are too injured to fight recklessly!
You are too injured to fight recklessly!
You are too injured to fight recklessly!
You are too injured to fight recklessly!
You are too injured to fight recklessly!
You are too injured to fight recklessly!
You are too injured to fight recklessly!
You are too injured to fight recklessly!
You are too injured to fight recklessly!
You are too injured to fight recklessly!
You are too injured to fight recklessly!
You are too injured to fight recklessly!
You are too injured to fight recklessly!
You are too injured to fight recklessly!
You are too injured to fight recklessly!
You are too injured to fight recklessly!
You are too injured to fight recklessly!
Something hits you.
It was a potion of flight.
You feel very buoyant.
You fly up into the air.
Something hits you.
* * * LOW HITPOINT WARNING * * *
You miss something. Something hits you but does no damage.
You closely miss something. Something hits you but does no damage.
You miss something.
Something hits you but does no damage. x2
You miss something. Something hits you but does no damage.
You miss something.
You hear some strange, mumbled words.
A puff of flame appears from out of thin air!
The puff of flame hits you!
You die...

#.........# #.........#
#.........# ###
#...(.....#
####..####....$....#######
.......##.....)...........
#.....†..###..........#
###......###K..........
#..####.@{oor[.......# ..
##.## #####o.........# '
+..# #........<.# #. #..#
#......).... #..##.#
#$.......... #..##)#
#..........# +..'..###
#..........# #..#....###
#.##..##.### #. #..#...#


You could see 2 orc priests, an orc, a quokka and a kobold.

Vanquished Creatures
  Ijyb (D:3)
  3 gnolls (D:2)
  7 adders
  2 worms (D:2)
  4 dart slugs
  An orc (D:3)
  6 bats (D:1)
  7 endoplasms
  4 giant cockroaches
  5 goblins
  9 hobgoblins
  4 jackals (D:1)
  3 kobolds
  2 quokkas
  5 ball pythons
  7 frilled lizards
  7 rats
77 creatures vanquished.

Vanquished Creatures (others)
  A goblin (D:2)
  7 plants (D:2)
8 creatures vanquished.

Grand Total: 85 creatures vanquished

Notes
Turn   | Place    | Note
-------+----------+-------------------------------------------
     0 | D:1      | vineage the Gargoyle Fighter began the quest for the Orb.
     0 | D:1      | Reached XP level 1. HP: 14/14 MP: 1/1
   180 | D:1      | Reached XP level 2. HP: 16/19 MP: 2/2
   608 | D:1      | Reached XP level 3. HP: 23/24 MP: 3/3
  1110 | D:2      | Reached XP level 4. HP: 29/29 MP: 4/4
  1447 | D:2      | Reached XP level 5. HP: 25/34 MP: 5/5
  1801 | D:2      | Found a faded altar of an unknown god.
  2100 | D:3      | Noticed Ijyb
  2133 | D:3      | Killed Ijyb
  2427 | D:3      | Killed from afar by an orc wizard

Illustrated notes

Levels and vault maps discovered:
D:1:      dpeg_arrival_leaves_temple_mockup, layout_basic
D:2:      layout_loops_cross, basic_ecumenical_altar, serial_bayou_pond_b,
          serial_bayou_crossing
D:3:      layout_rooms, mainiacjoe_overflow_24_doors, uniq_ijyb

Skill      XL: |  1  2  3  4  5 |
---------------+----------------+-----
Fighting       | 4 |  4.8
Maces & Flails | 3 |  3.7
Shields        | 4 |  4.1
Armour         | 4 |  4.0

Action                   |  1- 3 |  4- 6 || total
-------------------------+-------+-------++-------
Melee: Flail             |   111 |   193 ||   304
  Use: Scroll            |     3 |     1 ||     4
       Potion            |       |     4 ||     4
Armor: Scale mail        |    58 |   104 ||   162
Dodge: Dodged            |    73 |    72 ||   145
Block: Buckler           |    27 |    35 ||    62

Table legend: (Time is in decaauts)
 A = Elapsed time spent in this place.
 B = Non-inter-level travel time spent in this place.
 C = Inter-level travel time spent in this place.
 D = Time resting spent in this place.
 E = Time spent auto-exploring this place.
 F = Levels seen in this place.
 G = Mean time per level.
                   A        B        C        D        E       F      G
               +--------+--------+--------+--------+--------+-----+--------+
         Total |   2540 |   2472 |     68 |      0 |   1819 |   3 |  846.7 |
       Dungeon |   2540 |   2472 |     68 |      0 |   1819 |   3 |  846.7 |
               +--------+--------+--------+--------+--------+-----+--------+

Top non-repeatable levels by time:
     D:1: 1118 daAuts
     D:2: 1010 daAuts
     D:3: 412 daAuts
